[Event "Titled Tuesday Blitz October 12 2021"]
[White "Terry, Renato"]
[Black "Pichot, Alan"]
[WhiteFideId "3803457"]
[BlackFideId "110973"]
[WhiteElo "2577"]
[BlackElo "2600"]
[Result "1/2-1/2"]
[Round "04"]
[TimeControl "180+1"]
[Date "2021.10.12"]
[WhiteClock "0:00:06"]
[BlackClock "0:00:35"]

1. d4 Nf6 2. Bg5 d5 3. Bxf6 gxf6 4. e3 c6 5. c4 Bf5 6. Qb3 Qb6 7. cxd5 cxd5 8. Qxd5 Qxb2 9. Qxf5 Nc6 10. Qb5 Qxa1 11. Qxb7 Rb8 12. Qxc6+ Kd8 13. Bd3 Rxb1+ 14. Bxb1 Qxb1+ 15. Ke2 Qxa2+ 16. Kf3 Qa1 17. g3 Qf1 18. Qa8+ Kd7 19. Qxa7+ Kd8 20. Qa5+ Kd7 21. Qa4+ Kd8 22. Qa2 e6 23. Qe2 Qb1 24. Kg2 Bd6 25. Nf3 Qe4 26. Ra1 Ke7 27. Ra7+ Kf8 28. Qa6 Be7 29. Qb7 Qxb7 30. Rxb7 Rg8 31. Nd2 Rg5 32. Ne4 Ra5 33. Rb8+ Kg7 34. Rb7 Kf8 35. Rb2 f5 36. Nd2 Ra4 37. Nf3 Bf6 38. Re2 Kg7 39. Rc2 Ra3 40. Nd2 Ra4 41. Nc4 Ra6 42. Kf3 Rc6 43. Ke2 Ra6 44. h4 h6 45. Kd3 Ra1 46. Rb2 Ra6 47. Rb7 Kf8 48. Rb8+ Kg7 49. Rb7 Kf8 50. Ke2 Rc6 51. Kd3 Ra6 1/2-1/2


[Site "https://www.chess.com"]

[Event "Titled Tuesday Blitz October 12 2021"]
[White "Visakh N R"]
[Black "Yaksin, Oleg"]
[WhiteFideId "25012223"]
[BlackFideId "24105880"]
[WhiteElo "2454"]
[BlackElo "2256"]
[Result "1-0"]
[Round "04"]
[TimeControl "180+1"]
[Date "2021.10.12"]
[WhiteClock "0:00:14"]
[BlackClock "0:00:09"]

1. c4 e5 2. Nc3 Bb4 3. Nd5 Be7 4. g3 Nc6 5. Bg2 Nf6 6. Nxf6+ Bxf6 7. d3 O-O 8. Nf3 d6 9. O-O Rb8 10. Rb1 a6 11. Nd2 Bd7 12. Ne4 Be7 13. Nc3 b5 14. cxb5 axb5 15. Nd5 Nd4 16. e3 Ne6 17. Bd2 c6 18. Ba5 Qe8 19. Nxe7+ Qxe7 20. Rc1 Rfc8 21. d4 exd4 22. exd4 Ra8 23. b4 d5 24. Qd2 Qf6 25. Rcd1 Ra6 26. Rfe1 h6 27. h4 Re8 28. Re5 Nf8 29. Rxe8 Bxe8 30. Re1 Bd7 31. Kh2 Be6 32. f4 Nd7 33. Bf1 Ra8 34. Rc1 Bf5 35. Qc3 Ra6 36. a4 Qg6 37. axb5 cxb5 38. Bxb5 Re6 39. Re1 Nf6 40. Rxe6 Ng4+ 41. Kg1 Qxe6 42. Bf1 Ne3 43. b5 Nxf1 44. Kxf1 Bh3+ 45. Kf2 Qe4 46. b6 Qb1 47. Qe1 Qb5 48. Ke3 Kh7 49. Qb4 Qe8+ 50. Kd2 Bc8 51. Qb1+ g6 52. b7 Bxb7 53. Qxb7 Kg7 54. Bc7 Qe4 55. Be5+ Kf8 56. Qc8+ Ke7 57. Qc7+ Ke8 58. Qb8+ Ke7 59. Qa7+ Ke8 60. Qa4+ Ke7 61. Qa3+ Ke8 62. Qe3 Qg2+ 63. Kc3 Kd7 64. Bf6 Qf1 65. Qe7+ Kc6 66. Qc5+ Kb7 67. Qxd5+ Kc7 68. Qc4+ Qxc4+ 69. Kxc4 Kd6 70. d5 h5 71. Be5+ Kd7 72. Kc5 f5 73. d6 g5 74. hxg5 h4 75. gxh4 Ke6 76. h5 Kf7 77. h6 Kg6 78. d7 Kh7 79. d8=Q Kg6 80. Qe8+ Kh7 81. Qf7# 1-0


[Site "https://www.chess.com"]

[Event "Titled Tuesday Blitz October 12 2021"]
[White "Wagner, Dennis"]
[Black "Perez Ponsa, Federico"]
[WhiteFideId "24650684"]
[BlackFideId "117927"]
[WhiteElo "2355"]
[BlackElo "2672"]
[Result "0-1"]
[Round "04"]
[TimeControl "180+1"]
[Date "2021.10.12"]
[WhiteClock "0:00:07"]
[BlackClock "0:00:11"]

1. e4 c5 2. Nf3 d6 3. d4 cxd4 4. Nxd4 Nf6 5. Nc3 a6 6. Be3 e5 7. Nb3 Be6 8. f3 h5 9. Nd5 Bxd5 10. exd5 g6 11. Qd2 Nbd7 12. O-O-O Nb6 13. Kb1 Nbxd5 14. Bg5 Be7 15. h4 Qc7 16. c4 Nb6 17. Bxf6 Bxf6 18. Qxd6 Qxd6 19. Rxd6 Nd7 20. c5 Be7 21. Rd5 Rc8 22. Be2 Rc7 23. Rhd1 Bxh4 24. Na5 Nxc5 25. Rxe5+ Kf8 26. Rc1 b6 27. Nc4 Nd7 28. Rd5 Kg7 29. Rcd1 Nc5 30. Nxb6 Rb8 31. Rc1 Rxb6 32. Rcxc5 Re7 33. Re5 Rxe5 34. Rxe5 Bf6 35. Re4 Rxb2+ 36. Kc1 Rxa2 37. g4 h4 38. Bc4 Rf2 39. f4 h3 40. g5 Bd8 41. Rd4 h2 42. Bd5 Bc7 43. Kd1 Rf1+ 44. Ke2 h1=Q 45. Bxh1 Rxh1 46. Rd7 Bxf4 47. Kf3 Bxg5 48. Kg4 Rh5 49. Ra7 Bf6 50. Rxa6 Rh4+ 51. Kg3 Rd4 52. Kf3 g5 53. Ke3 Rf4 54. Rd6 Be7 55. Rd7 Bc5+ 56. Ke2 g4 57. Rd5 Bd4 58. Kd3 Kf6 59. Rb5 g3 0-1


[Site "https://www.chess.com"]

[Event "Titled Tuesday Blitz October 12 2021"]
[White "Yeletsky, Ivan"]
[Black "Nozdrachev, Leonid"]
[WhiteFideId "24180327"]
[BlackFideId "24113433"]
[WhiteElo "2352"]
[BlackElo "2124"]
[Result "1-0"]
[Round "04"]
[TimeControl "180+1"]
[Date "2021.10.12"]
[WhiteClock "0:02:11"]
[BlackClock "0:00:41"]

1. d4 Nf6 2. c4 e6 3. Nf3 d5 4. g3 Be7 5. Bg2 O-O 6. Nc3 dxc4 7. Ne5 Nc6 8. Bxc6 bxc6 9. Nxc6 Qe8 10. Nxe7+ Qxe7 11. Qa4 e5 12. dxe5 Qxe5 13. Qxc4 Be6 14. Qf4 Qxf4 15. Bxf4 Nd5 16. Nxd5 Bxd5 17. f3 Rfe8 18. Kf2 c6 19. Bd2 f5 20. Bc3 g5 21. h3 Kf7 22. g4 f4 23. h4 h6 24. hxg5 hxg5 25. Rh7+ Ke6 26. Rah1 Kd6 27. R1h6+ Kc5 28. Rg7 Rg8 29. Rhg6 Rxg7 30. Rxg7 Bxa2 31. Rxg5+ Bd5 32. Rf5 Kc4 33. Rxf4+ Kb3 34. Rb4+ Kc2 35. e4 Bb3 36. Ke3 a5 37. Rb6 c5 38. Rb5 c4 39. g5 a4 40. Bd4 Rd8 41. g6 Rxd4 42. Kxd4 Kxb2 43. g7 a3 44. g8=Q a2 45. Qg2+ Ka3 46. Ra5+ 1-0


[Site "https://www.chess.com"]

[Event "Titled Tuesday Blitz October 12 2021"]
[White "Yilmaz, Mustafa"]
[Black "Abdyzhapar, Asylbek"]
[WhiteFideId "6302718"]
[BlackFideId "13800337"]
[WhiteElo "2518"]
[BlackElo "2383"]
[Result "1-0"]
[Round "04"]
[TimeControl "180+1"]
[Date "2021.10.12"]
[WhiteClock "0:00:59"]
[BlackClock "0:00:15"]

1. d4 Nf6 2. c4 g6 3. Nc3 Bg7 4. e4 d6 5. Nf3 O-O 6. Be2 e5 7. O-O Nc6 8. d5 Ne7 9. b4 c6 10. a4 a5 11. bxa5 Qxa5 12. Bd2 Ne8 13. Qc2 f5 14. Ng5 Qd8 15. Rab1 Nc7 16. Rfd1 h6 17. Ne6 Nxe6 18. dxe6 Qc7 19. c5 d5 20. exd5 cxd5 21. Nb5 Qc6 22. Nd6 Qxa4 23. Qxa4 Rxa4 24. Nxc8 Rxc8 25. Rxb7 Bf8 26. Bxh6 Rxc5 27. Bg5 Ra2 28. Bf1 Nc8 29. e7 Bxe7 30. Bxe7 Rcc2 31. Rxd5 Kf7 32. Rxe5 Rab2 33. Rxb2 Rxb2 34. Bc4+ Kg7 35. h4 Nb6 36. Be6 Rb1+ 37. Kh2 Rd1 38. Rb5 Na4 39. Rb7 1-0


[Site "https://www.chess.com"]

[Event "Titled Tuesday Blitz October 12 2021"]
[White "Yoo, Christopher Woojin"]
[Black "Skatchkov, Valery"]
[WhiteFideId "30909694"]
[BlackFideId "24195812"]
[WhiteElo "2105"]
[BlackElo "2195"]
[Result "1-0"]
[Round "04"]
[TimeControl "180+1"]
[Date "2021.10.12"]
[WhiteClock "0:00:17"]
[BlackClock "0:00:20"]

1. e4 e5 2. Nf3 Nf6 3. Nc3 Nc6 4. a4 g6 5. Bc4 Bg7 6. d3 O-O 7. O-O h6 8. h3 d6 9. Be3 Be6 10. Bxe6 fxe6 11. d4 exd4 12. Nxd4 Nxd4 13. Bxd4 e5 14. Be3 Nh5 15. g3 Kh7 16. Kh2 Bf6 17. Nd5 Bg5 18. f4 exf4 19. gxf4 Bh4 20. f5 Qe8 21. Qg4 Qe5+ 22. Nf4 Bg3+ 23. Kh1 Qxe4+ 24. Rf3 Bxf4 25. Qxg6+ Kh8 26. Qxh5 Bxe3 27. Re1 Qe8 28. Qg4 Rg8 29. Rexe3 Rxg4 30. Rxe8+ Rxe8 31. hxg4 Re2 32. Rb3 b6 33. Rc3 c5 34. Rd3 Rxc2 35. Rxd6 Rxb2 36. Rxh6+ Kg7 37. Rc6 Rb4 38. Rg6+ Kf7 39. Kg2 Rxa4 40. Kg3 c4 41. Rc6 b5 42. g5 Ra3+ 43. Kg4 c3 44. g6+ Kg7 45. Kg5 b4 46. f6+ 1-0


[Site "https://www.chess.com"]

[Event "Titled Tuesday Blitz October 12 2021"]
[White "Abdyzhapar, Asylbek"]
[Black "Karpeshov, Oleg"]
[WhiteFideId "13800337"]
[BlackFideId "4106814"]
[WhiteElo "2383"]
[BlackElo "2354"]
[Result "0-1"]
[Round "05"]
[TimeControl "180+1"]
[Date "2021.10.12"]
[WhiteClock "0:00:05"]
[BlackClock "0:00:22"]

1. c4 e5 2. g3 Nc6 3. Bg2 f5 4. Nc3 Nf6 5. e3 d5 6. cxd5 Nb4 7. d3 Nbxd5 8. Nxd5 Nxd5 9. Nf3 Bd6 10. O-O Nf6 11. Qb3 Qe7 12. Bd2 c6 13. Bc3 Be6 14. Qc2 Bd5 15. Rfe1 O-O 16. e4 fxe4 17. dxe4 Bf7 18. a3 Rae8 19. h3 Bh5 20. Nh4 Bg6 21. Nf5 Bxf5 22. exf5 Qf7 23. Rad1 Qc7 24. g4 Re7 25. Qd3 Rd7 26. g5 Nh5 27. Bxe5 Rfd8 28. Qc4+ Kf8 29. Bxd6+ Rxd6 30. Rxd6 Qxd6 31. Bf3 Nf4 32. Rd1 Nd5 33. Bxd5 cxd5 34. Qd4 b6 35. Re1 Qc5 36. Qd3 d4 37. h4 Qd5 38. Rd1 Qe5 39. Kg2 Qf4 40. Rh1 Qg4+ 41. Kf1 Rc8 42. Qd2 Qf3 43. Rg1 d3 44. Rg3 Qh1+ 45. Rg1 Qh3+ 46. Rg2 Rc2 47. Qb4+ Kg8 48. Qf4 Qh1+ 49. Rg1 Qc6 50. Qb8+ Kf7 51. g6+ hxg6 52. fxg6+ Ke7 53. Qxa7+ Kf6 54. Qf7+ Ke5 55. Rg5+ Kd6 56. Qf8+ Kd7 57. Qf7+ Kc8 58. Qf8+ Kb7 59. Qe7+ Ka6 60. Kg1 Rc1+ 61. Kh2 Qh1+ 62. Kg3 Rg1+ 63. Kf4 Qxh4+ 64. Ke3 Qxg5+ 0-1


[Site "https://www.chess.com"]

[Event "Titled Tuesday Blitz October 12 2021"]
[White "Barp, Alberto"]
[Black "Urazayev, Arystanbek"]
[WhiteFideId "872555"]
[BlackFideId "13709810"]
[WhiteElo "2229"]
[BlackElo "2321"]
[Result "0-1"]
[Round "05"]
[TimeControl "180+1"]
[Date "2021.10.12"]
[WhiteClock "0:00:27"]
[BlackClock "0:01:38"]

1. d4 Nf6 2. c4 g6 3. Nc3 d5 4. Nf3 Bg7 5. Bg5 Ne4 6. Bf4 Nxc3 7. bxc3 dxc4 8. e3 O-O 9. Bxc4 c5 10. O-O Nc6 11. h3 Bf5 12. Qe2 Na5 13. Bd3 Bxd3 14. Qxd3 Qd5 15. Rfc1 Qc4 16. Qe4 e6 17. Ne5 Qa4 18. Qc2 Qxc2 19. Rxc2 Bxe5 20. Bxe5 Rfc8 21. Rac1 Nc4 22. Bf6 b6 23. Kf1 h6 24. Ke2 Nd6 25. f3 Ne8 26. Be5 f6 27. Bh2 Kf7 28. Kd3 Ke7 29. e4 Nd6 30. e5 fxe5 31. dxe5 Nb5 32. Ke2 Na3 33. Rd2 Nc4 34. Rd3 Rd8 35. Rcd1 Rxd3 36. Rxd3 h5 37. h4 a5 38. Bf4 a4 39. Bg5+ Ke8 40. f4 b5 41. Kf3 b4 42. cxb4 cxb4 43. Rd4 Rc8 44. Rd3 b3 45. axb3 axb3 46. Kf2 Rb8 0-1


[Site "https://www.chess.com"]

[Event "Titled Tuesday Blitz October 12 2021"]
[White "Bartel, Michal"]
[Black "Wagner, Dennis"]
[WhiteFideId "1119257"]
[BlackFideId "24650684"]
[WhiteElo "2211"]
[BlackElo "2355"]
[Result "1-0"]
[Round "05"]
[TimeControl "180+1"]
[Date "2021.10.12"]
[WhiteClock "0:02:09"]
[BlackClock "0:00:53"]

1. e4 e5 2. Nc3 Nf6 3. g3 Bc5 4. Bg2 O-O 5. Nge2 c6 6. O-O d5 7. exd5 cxd5 8. d4 exd4 9. Nxd4 Bxd4 10. Qxd4 Nc6 11. Qd1 d4 12. Ne2 Bg4 13. h3 Bh5 14. g4 Bg6 15. Bg5 Re8 16. Re1 Bxc2 17. Qxc2 d3 18. Qd2 dxe2 19. Rxe2 Qxd2 20. Rxd2 Ne4 21. Bxe4 Rxe4 22. Rad1 h6 23. Be3 a5 24. Rd7 Rb4 25. b3 a4 26. Rc7 Rxb3 27. axb3 axb3 28. Rxb7 Na5 29. Rb5 1-0


[Site "https://www.chess.com"]

[Event "Titled Tuesday Blitz October 12 2021"]
[White "Deac, Bogdan-Daniel"]
[Black "Araujo Sanchez, Josue"]
[WhiteFideId "1226380"]
[BlackFideId "6416896"]
[WhiteElo "2605"]
[BlackElo "2181"]
[Result "1-0"]
[Round "05"]
[TimeControl "180+1"]
[Date "2021.10.12"]
[WhiteClock "0:00:44"]
[BlackClock "0:01:50"]

1. e4 c5 2. Nf3 d6 3. Bb5+ Nd7 4. d4 cxd4 5. Qxd4 a6 6. Be2 Ngf6 7. O-O g6 8. Rd1 Bg7 9. Nc3 O-O 10. e5 Nh5 11. Qh4 Nxe5 12. Nxe5 Bxe5 13. Bxh5 gxh5 14. Bg5 f6 15. Bh6 Rf7 16. Qxh5 Bxc3 17. bxc3 Be6 18. Re1 Qd7 19. Re3 Kh8 20. Rae1 Bc4 21. Re4 b5 22. Rxc4 bxc4 23. Qxf7 Rg8 24. g3 Qh3 25. Bf4 Qf5 26. Rxe7 1-0


[Site "https://www.chess.com"]

[Event "Titled Tuesday Blitz October 12 2021"]
[White "Demchenko, Anton"]
[Black "Khusnutdinov, Rustam"]
[WhiteFideId "4160258"]
[BlackFideId "13701703"]
[WhiteElo "2583"]
[BlackElo "2571"]
[Result "1-0"]
[Round "05"]
[TimeControl "180+1"]
[Date "2021.10.12"]
[WhiteClock "0:00:21"]
[BlackClock "0:00:32"]

1. e4 e5 2. Nf3 Nf6 3. Nxe5 d6 4. Nf3 Nxe4 5. Bd3 d5 6. O-O Be7 7. Re1 Nc5 8. Bf1 O-O 9. Nc3 c6 10. d4 Ne6 11. Ne2 Ng5 12. Ng3 h6 13. Ne5 Nd7 14. f4 Ne6 15. c3 Nf6 16. Be3 Re8 17. Bd3 Bf8 18. Qd2 c5 19. f5 Ng5 20. Bxg5 hxg5 21. Qxg5 cxd4 22. cxd4 Qb6 23. Qh4 Ne4 24. Nf3 Qxb2 25. Bxe4 dxe4 26. Ng5 Qxd4+ 27. Kh1 Bb4 28. Qh7+ Kf8 29. Nh5 Qe5 30. f6 Qxg5 31. Qh8# 1-0


[Site "https://www.chess.com"]

[Event "Titled Tuesday Blitz October 12 2021"]
[White "Gasanov, Eldar"]
[Black "Kamsky, Gata"]
[WhiteFideId "14104466"]
[BlackFideId "2000024"]
[WhiteElo "2454"]
[BlackElo "2603"]
[Result "1/2-1/2"]
[Round "05"]
[TimeControl "180+1"]
[Date "2021.10.12"]
[WhiteClock "0:00:37"]
[BlackClock "0:01:06"]

1. d4 d5 2. c4 c6 3. Nc3 Nf6 4. e3 g6 5. Nf3 Bg7 6. h3 O-O 7. Bd3 e6 8. O-O Nbd7 9. b3 b6 10. Bb2 Bb7 11. Rc1 c5 12. cxd5 Nxd5 13. Nxd5 Bxd5 14. Qe2 Bxf3 15. Qxf3 cxd4 16. exd4 a6 17. Qb7 b5 18. Rc6 Ne5 19. dxe5 Qxd3 20. Rxa6 Rxa6 21. Qxa6 Qe2 22. Bd4 Bxe5 23. Bxe5 Qxe5 24. Rc1 Rd8 25. Rc8 Rxc8 26. Qxc8+ Kg7 27. Qc2 b4 28. h4 h5 29. g3 Qd4 30. Qc1 e5 31. a4 bxa3 32. Qxa3 Qd1+ 33. Kg2 Qd5+ 34. Kg1 Qd1+ 35. Kg2 Qd5+ 36. Kg1 Qd1+ 1/2-1/2


[Site "https://www.chess.com"]

[Event "Titled Tuesday Blitz October 12 2021"]
[White "Ghimpu, Samuel-Timotei"]
[Black "Yoo, Christopher Woojin"]
[WhiteFideId "1238175"]
[BlackFideId "30909694"]
[WhiteElo "2012"]
[BlackElo "2105"]
[Result "1-0"]
[Round "05"]
[TimeControl "180+1"]
[Date "2021.10.12"]
[WhiteClock "0:00:09"]
[BlackClock "0:00:01"]

1. e4 c5 2. Nf3 e6 3. d4 cxd4 4. Nxd4 Nf6 5. Nc3 Nc6 6. Nxc6 bxc6 7. e5 Nd5 8. Ne4 Qc7 9. f4 Rb8 10. a3 Qb6 11. c4 Ne3 12. Qd3 Nxf1 13. Rxf1 Qb3 14. Rf3 Qxd3 15. Rxd3 a5 16. b3 Ba6 17. a4 f5 18. Nd6+ Bxd6 19. exd6 c5 20. Bd2 Bb7 21. Bxa5 Be4 22. Rg3 Kf7 23. Bc3 Rhg8 24. Ra3 h6 25. h4 g5 26. hxg5 hxg5 27. Rxg5 Rxg5 28. fxg5 Bxg2 29. Be5 Kg6 30. Bf4 Bc6 31. Kf2 Rh8 32. a5 Rh3 33. Be3 f4 34. Bxc5 e5 35. a6 e4 36. a7 e3+ 37. Ke2 Ba8 38. Kd3 Kxg5 39. Ra1 Kg4 40. b4 Kf3 41. b5 Kf2 42. b6 Rh5 43. Bd4 Kf3 44. Rf1+ Kg3 45. c5 Rd5 46. Rb1 Kf3 47. b7 Bxb7 48. Rxb7 e2 49. Rb1 1-0


[Site "https://www.chess.com"]

[Event "Titled Tuesday Blitz October 12 2021"]
[White "Gupta, Abhijeet"]
[Black "Gomez Ledo, Roberto Carlos"]
[WhiteFideId "5010608"]
[BlackFideId "3507076"]
[WhiteElo "2549"]
[BlackElo "2379"]
[Result "1-0"]
[Round "05"]
[TimeControl "180+1"]
[Date "2021.10.12"]
[WhiteClock "0:00:45"]
[BlackClock "0:00:02"]

1. d4 Nf6 2. c4 e6 3. Nc3 Bb4 4. e3 O-O 5. Ne2 d5 6. a3 Be7 7. cxd5 exd5 8. Nf4 b6 9. Bd3 Bb7 10. O-O Nbd7 11. Bd2 c5 12. Rc1 c4 13. Bb1 a6 14. f3 b5 15. e4 Nb6 16. e5 Ne8 17. Qc2 g6 18. Nh5 Ng7 19. Ng3 Bc6 20. Bh6 a5 21. f4 f5 22. exf6 Bxf6 23. Nce2 Bd7 24. f5 Nxf5 25. Bxf8 Qxf8 26. Nxf5 Bxf5 27. Rxf5 gxf5 28. Qxf5 Qf7 29. Kh1 Kh8 30. Nf4 Rf8 31. Ne6 Re8 32. Ng5 Qe7 33. Nf3 Qg7 34. g4 Rf8 35. Qe6 Bxd4 36. Kg2 Bxb2 37. Rf1 Qf7 38. Qxb6 d4 39. Qxb5 c3 40. Nxd4 1-0


[Site "https://www.chess.com"]

[Event "Titled Tuesday Blitz October 12 2021"]
[White "Ibrahimli, Murad"]
[Black "Korchmar, Vasiliy"]
[WhiteFideId "13410229"]
[BlackFideId "24131750"]
[WhiteElo "2109"]
[BlackElo "2370"]
[Result "0-1"]
[Round "05"]
[TimeControl "180+1"]
[Date "2021.10.12"]
[WhiteClock "0:00:31"]
[BlackClock "0:00:07"]

1. d4 Nf6 2. c4 g6 3. Nf3 Bg7 4. Nc3 O-O 5. Bg5 h6 6. Bd2 d6 7. Qc1 Kh7 8. h4 c5 9. d5 e6 10. e4 exd5 11. exd5 Re8+ 12. Be2 Bg4 13. Kf1 Nbd7 14. Ng5+ hxg5 15. hxg5+ Kg8 16. gxf6 Bxe2+ 17. Nxe2 Nxf6 18. Bc3 Ng4 19. Qf4 f5 20. f3 Qe7 21. Ng3 Ne3+ 22. Kf2 g5 23. Nxf5 gxf4 24. Nxe7+ Rxe7 25. Rh4 Bxc3 26. bxc3 Rf8 27. Rah1 Rg7 28. g4 Nxc4 29. Rh8+ Kf7 30. R8h6 Rg6 31. Rh7+ Rg7 32. R1h6 Rxh7 33. Rxh7+ Kf6 34. Rxb7 Rh8 35. Rxa7 Rh2+ 36. Kg1 Rc2 37. a4 Rxc3 38. a5 Rxf3 39. a6 Ra3 40. Ra8 Ke5 41. g5 Kxd5 42. g6 Rg3+ 43. Kf2 Rxg6 44. a7 Rg7 45. Rf8 Rxa7 46. Rxf4 Ra2+ 47. Kg3 Ra3+ 48. Kh4 Rd3 49. Rf5+ Ne5 50. Rf6 Rd4+ 51. Kg5 c4 52. Kh5 c3 53. Rf2 Rd2 54. Rf1 c2 55. Ra1 Nd3 56. Ra5+ Ke6 0-1


[Site "https://www.chess.com"]

[Event "Titled Tuesday Blitz October 12 2021"]
[White "Jaracz, Pawel"]
[Black "Kollars, Dmitrij"]
[WhiteFideId "1102222"]
[BlackFideId "12909572"]
[WhiteElo "2495"]
[BlackElo "2584"]
[Result "1-0"]
[Round "05"]
[TimeControl "180+1"]
[Date "2021.10.12"]
[WhiteClock "0:01:39"]
[BlackClock "0:00:50"]

1. Nf3 Nf6 2. c4 g6 3. b4 Bg7 4. Bb2 O-O 5. e3 d5 6. cxd5 Nxd5 7. Bxg7 Kxg7 8. Qb3 Qd6 9. a3 e5 10. Qb2 Re8 11. Bc4 Bg4 12. Be2 Nd7 13. h3 Bxf3 14. Bxf3 N7f6 15. O-O e4 16. Be2 Rad8 17. Rc1 c6 18. b5 c5 19. Qb3 b6 20. a4 Nb4 21. a5 Qe5 22. Ra3 Re7 23. axb6 axb6 24. Bc4 Nd3 25. Rf1 Red7 26. f4 exf3 27. Rxf3 Ne4 28. Bxd3 Rxd3 29. Qxf7+ Kh6 30. Ra7 Ng5 31. Qf4 Qxf4 32. Rxf4 Rb3 33. Rh4# 1-0


[Site "https://www.chess.com"]

[Event "Titled Tuesday Blitz October 12 2021"]
[White "Karttunen, Mika"]
[Black "Bluebaum, Matthias"]
[WhiteFideId "502081"]
[BlackFideId "24651516"]
[WhiteElo "2343"]
[BlackElo "2681"]
[Result "0-1"]
[Round "05"]
[TimeControl "180+1"]
[Date "2021.10.12"]
[WhiteClock "0:00:06"]
[BlackClock "0:02:00"]

1. e4 e6 2. d4 d5 3. Nc3 Nf6 4. Bg5 h6 5. Bh4 g5 6. Bg3 dxe4 7. h4 Bg7 8. hxg5 hxg5 9. Rxh8+ Bxh8 10. Nh3 g4 11. Ng5 Nc6 12. Bb5 Bd7 13. Bh4 a6 14. Bxc6 Bxc6 15. Ngxe4 Qe7 16. Nxf6+ Bxf6 17. Bxf6 Qxf6 18. Qxg4 O-O-O 19. O-O-O Qxf2 20. Rd2 Qe3 21. g3 Rh8 22. Qf4 Rh1+ 23. Nd1 Rxd1+ 24. Kxd1 Bf3+ 25. Kc1 Qe1+ 26. Rd1 Qxd1# 0-1


[Site "https://www.chess.com"]

[Event "Titled Tuesday Blitz October 12 2021"]
[White "Koksik_13"]
[Black "Visakh N R"]
[BlackFideId "25012223"]
[WhiteElo "2716"]
[BlackElo "2454"]
[Result "1/2-1/2"]
[Round "05"]
[TimeControl "180+1"]
[Date "2021.10.12"]
[WhiteClock "0:00:19"]
[BlackClock "0:00:54"]

1. e4 c6 2. d4 d5 3. Nc3 dxe4 4. Nxe4 Bf5 5. Ng3 Bg6 6. Nh3 e6 7. Nf4 Bd6 8. h4 Bxf4 9. Bxf4 h6 10. h5 Bh7 11. c3 Nf6 12. Bd3 Bxd3 13. Qxd3 Qd5 14. c4 Qa5+ 15. Bd2 Qb6 16. O-O-O Na6 17. Be3 O-O-O 18. a3 c5 19. Ne4 cxd4 20. Bxd4 Nxe4 21. Qxe4 Nc5 22. Bxc5 Qxc5 23. Qf4 Qg5 24. Qxg5 hxg5 25. g4 Rxd1+ 26. Rxd1 Rf8 27. Rd6 Kc7 28. c5 Rg8 29. Rd3 g6 30. Rf3 f5 31. hxg6 f4 32. Rd3 Rxg6 33. Rd6 Rh6 34. Kd1 Rh4 35. Rxe6 Rxg4 36. b4 Rg1+ 37. Ke2 g4 38. Rg6 g3 39. fxg3 Rxg3 40. Rxg3 fxg3 41. b5 Kd7 42. Kf3 Ke6 43. Kxg3 Kd5 44. c6 bxc6 45. bxc6 Kxc6 46. Kf3 Kb5 47. Ke3 Ka4 48. Kd3 Kb3 49. a4 a5 50. Kd2 Kb2 51. Kd1 Kb1 52. Kd2 Kb2 53. Kd1 Kb3 54. Kc1 Kxa4 55. Kb1 Kb4 56. Ka1 a4 57. Kb1 a3 58. Ka1 a2 59. Kxa2 1/2-1/2


[Site "https://www.chess.com"]

[Event "Titled Tuesday Blitz October 12 2021"]
[White "Kozak, Adam"]
[Black "Kucuksari, Kaan"]
[WhiteFideId "753246"]
[BlackFideId "6380166"]
[WhiteElo "2448"]
[BlackElo "2301"]
[Result "1-0"]
[Round "05"]
[TimeControl "180+1"]
[Date "2021.10.12"]
[WhiteClock "0:01:06"]
[BlackClock "0:00:02"]

1. e4 c5 2. Nf3 e6 3. Nc3 a6 4. a4 Qc7 5. Bc4 Nc6 6. d3 Nf6 7. O-O Be7 8. Kh1 O-O 9. Bg5 d6 10. Bh4 h6 11. Bg3 Nh5 12. Bh4 Nf4 13. Qd2 Bxh4 14. Nxh4 e5 15. g3 Qe7 16. Rg1 Nd4 17. Nd5 Nxd5 18. Bxd5 g5 19. c3 Nc6 20. Ng6 Qf6 21. Nxf8 Qf3+ 22. Rg2 Bh3 23. Rg1 Rxf8 24. Qe3 Bxg2+ 25. Rxg2 Qf6 26. Rg1 Rb8 27. Kg2 Ne7 28. Bc4 b5 29. axb5 axb5 30. Bb3 b4 31. Bc4 bxc3 32. bxc3 Kg7 33. Ra1 Rb7 34. Ra2 h5 35. Qe2 Kh6 36. h3 Ng6 37. Qe3 Kg7 38. Qe2 h4 39. Qg4 hxg3 40. fxg3 Rb1 41. Rf2 Qd8 42. Rxf7+ Kh6 43. h4 gxh4 44. Rf5 Rb2+ 45. Kh3 Kg7 46. Qh5 Qh8 47. Rf7+ 1-0


[Site "https://www.chess.com"]

[Event "Titled Tuesday Blitz October 12 2021"]
[White "Le, Tuan Minh"]
[Black "Lazavik, Denis"]
[WhiteFideId "12401153"]
[BlackFideId "13515110"]
[WhiteElo "2450"]
[BlackElo "2436"]
[Result "1/2-1/2"]
[Round "05"]
[TimeControl "180+1"]
[Date "2021.10.12"]
[WhiteClock "0:00:05"]
[BlackClock "0:00:04"]

1. d4 d5 2. Nf3 Nf6 3. Bf4 e6 4. e3 Bd6 5. Bg3 O-O 6. Nbd2 b6 7. Bd3 Bb7 8. O-O c5 9. c3 Nc6 10. Ne5 Qc7 11. f4 Ne7 12. Bh4 Ne4 13. Bxe7 Bxe7 14. Qc2 f6 15. Nef3 f5 16. Ne5 g5 17. g3 Kh8 18. Rae1 Bf6 19. Ndf3 g4 20. Nd2 Bxe5 21. fxe5 Ng5 22. Kh1 h5 23. h4 gxh3 24. Qd1 Qh7 25. Rf4 Ne4 26. Kh2 Rg8 27. Bxe4 dxe4 28. Nc4 Rg5 29. Rh4 cxd4 30. cxd4 Bd5 31. Nd6 Rag8 32. Rxh3 Rg4 33. Rh1 h4 34. Qe1 Rxg3 35. Rxg3 Rxg3 36. Rg1 f4 37. exf4 e3 38. Rxg3 hxg3+ 39. Kxg3 Qg6+ 40. Kh4 Qh6+ 41. Kg3 Qg6+ 42. Kh4 Qh6+ 43. Kg3 Qg6+ 1/2-1/2


[Site "https://www.chess.com"]

[Event "Titled Tuesday Blitz October 12 2021"]
[White "Martinovici, Ilia"]
[Black "Sviridov, Valery"]
[WhiteFideId "13907034"]
[BlackFideId "4120680"]
[WhiteElo "2303"]
[BlackElo "2454"]
[Result "1/2-1/2"]
[Round "05"]
[TimeControl "180+1"]
[Date "2021.10.12"]
[WhiteClock "0:00:07"]
[BlackClock "0:00:16"]

1. d4 g6 2. c4 Bg7 3. Nc3 d6 4. e4 e5 5. d5 f5 6. f3 Nf6 7. Bg5 h6 8. Be3 O-O 9. exf5 gxf5 10. Qd2 f4 11. Bf2 Bf5 12. Bd3 Qd7 13. Nge2 Na6 14. O-O-O Rae8 15. Bxf5 Qxf5 16. Qc2 Qxc2+ 17. Kxc2 e4 18. fxe4 Nxe4 19. Bd4 f3 20. gxf3 Nxc3 21. Nxc3 Bxd4 22. Rxd4 Rxf3 23. Rg4+ Kh7 24. Rg2 Nb4+ 25. Kb3 Nd3 26. Rhg1 Re7 27. a3 Rf4 28. Rg3 Nc5+ 29. Kb4 Rf2 30. R1g2 Rxg2 31. Rxg2 Re3 32. a4 a6 33. a5 h5 34. Rg5 Kh6 35. Rg8 h4 36. Rc8 Rh3 37. Rxc7 Rxh2 38. Ka3 h3 39. b4 Rc2 40. bxc5 h2 41. Rc8 Kg7 42. cxd6 h1=Q 43. d7 Rxc3+ 44. Kb4 Qc1 45. Rg8+ Kh6 46. Kc5 Rxc4+ 47. Kb6 Qb2+ 48. Ka7 Qd4+ 49. Ka8 Qxd5 50. d8=Q Qxd8+ 51. Rxd8 Rb4 52. Rd7 Rb5 53. Rxb7 Rxa5 54. Ka7 Ra1 55. Rb6+ Kg5 56. Rxa6 Rxa6+ 57. Kxa6 1/2-1/2


[Site "https://www.chess.com"]

[Event "Titled Tuesday Blitz October 12 2021"]
[White "Mikhalevski, Victor"]
[Black "Leenhouts, Koen"]
[WhiteFideId "2801914"]
[BlackFideId "1008439"]
[WhiteElo "2577"]
[BlackElo "2409"]
[Result "1-0"]
[Round "05"]
[TimeControl "180+1"]
[Date "2021.10.12"]
[WhiteClock "0:01:06"]
[BlackClock "0:00:06"]

1. d4 d5 2. c4 c6 3. cxd5 cxd5 4. Bg5 Nc6 5. Nc3 Nf6 6. Bxf6 gxf6 7. e3 e6 8. Bd3 Be7 9. Nf3 a6 10. Rc1 Bd7 11. O-O O-O 12. e4 dxe4 13. Bxe4 f5 14. Bb1 Bf6 15. d5 Ne7 16. Nd4 e5 17. Nb3 Rc8 18. Qh5 e4 19. f3 e3 20. f4 Qb6 21. Kh1 Kh8 22. Rf3 Rg8 23. Qxf7 Rg7 24. Qh5 Rcg8 25. Rh3 Be8 26. Qh6 Ng6 27. Bxf5 Qd6 28. Ne4 Qxf4 29. Nxf6 e2 30. Qxf4 Nxf4 31. Re3 1-0


[Site "https://www.chess.com"]